AoeStats
← Caronte

Arena

510639740Analyzed
4v4 RM · 16h ago on Oct 1, 2026· 56m 29s· 8 players
Game mode
Random Map
Map size
Large (8 player)
Population
200
Speed
Normal
Resources
Standard
Victory
Conquest
Starting age
Dark Age
Ending age
Imperial Age
RankedLock teamsTeams togetherTeam positionsShared explorationLock speedFull tech treeHidden civsTurbo modeCheats
Victory
Defeat
🇲🇽 Franks · Mexico
1011
+11
🇲🇽 Chinese · Mexico
955
+14
🇨🇦 Hindustanis · Canada
943
+14
🇩🇪 Lithuanians · Germany
856
+17
🇦🇷 Slavs · Argentina
932
-27
🇦🇷 Ethiopians · Argentina
914
-15
🇧🇷 Italians · Brazil
901
-14
🇩🇪 Bohemians · Germany
852
-21
Santini
5:43 Loom
12:48 Feudal Age
16:41 Castle Age
39:12 Imperial Age
37:14 Forging
36:57 Fletching
37:07 Padded Archer Armor
39:12 Wheelbarrow
38:37 Bodkin Arrow
38:57 Leather Archer Armor
38:55 Fortified Wall
40:49 Ring Archer Armor
43:37 Onager
46:45 Chemistry
45:49 Bracer
cronathor
13:29 Feudal Age
18:28 Castle Age
19:18 Loom
20:12 Wheelbarrow
19:35 Double-Bit Axe
24:17 Gold Mining
25:16 Bow Saw
27:31 Hand Cart
29:49 Detinets
31:45 Forging
31:43 Scale Barding Armor
31:30 Town Watch
33:26 Iron Casting
32:54 Scale Mail Armor
35:33 Imperial Age
32:53 Pikeman
33:33 Squires
36:13 Halberdier
38:16 Blast Furnace
38:45 Husbandry
39:39 Chain Barding Armor
39:50 Elite Skirmisher
40:31 Murder Holes
41:38 Chemistry
43:55 Plate Barding Armor
43:11 Fletching
m4jest1cs
8:02 Loom
9:54 Feudal Age
10:42 Double-Bit Axe
10:39 Horse Collar
13:27 Wheelbarrow
15:02 Fletching
19:06 Castle Age
17:56 Scale Mail Armor
20:33 Bow Saw
22:30 Chemistry
21:45 Squires
21:05 Pikeman
22:19 Bodkin Arrow
24:05 Heavy Plow
26:37 Town Watch
29:58 Imperial Age
28:50 Murder Holes
29:13 Hand Cart
29:06 Pikeman
30:45 Bracer
30:56 Forging
31:05 Town Patrol
32:34 Chain Mail Armor
32:54 Iron Casting
33:29 Conscription
34:02 Ballistics
34:33 Halberdier
37:13 Plate Mail Armor
37:44 Blast Furnace
37:20 Siege Engineers
39:23 Houfnice
43:54 Masonry
Caronte
9:29 Feudal Age
10:47 Wheelbarrow
10:00 Double-Bit Axe
9:57 Horse Collar
17:46 Castle Age
15:53 Stone Mining
16:52 Scale Mail Armor
17:03 Forging
16:58 Padded Archer Armor
19:55 Hand Cart
21:10 Bow Saw
21:16 Fletching
22:09 Gold Mining
22:38 Heavy Plow
31:58 Imperial Age
29:15 Town Watch
28:53 Crossbowman
31:10 Thumb Ring
31:26 Leather Archer Armor
31:07 Bodkin Arrow
31:26 Husbandry
33:17 Ballistics
33:21 Arbalester
33:55 Halberdier
34:36 Squires
35:25 Heavy Camel Rider
36:11 Heavy Scorpion
38:11 Chemistry
38:54 Two-Man Saw
39:32 Scale Barding Armor
39:57 Ring Archer Armor
40:03 Iron Casting
39:51 Town Patrol
39:52 Arson
42:23 Fortified Wall
44:58 Bracer
45:13 Chain Mail Armor
45:22 Chain Barding Armor
46:02 Blast Furnace
44:24 Elite Skirmisher
46:58 Conscription
PITUFO1998
11:27 Feudal Age
12:58 Double-Bit Axe
16:44 Castle Age
16:29 Loom
16:30 Town Watch
17:22 Wheelbarrow
17:54 Bow Saw
29:58 Imperial Age
27:44 Gold Mining
28:28 Husbandry
28:32 Scale Mail Armor
28:43 Forging
28:38 Scale Barding Armor
30:08 Gold Shaft Mining
30:39 Chivalry
31:01 Hand Cart
31:10 Conscription
34:12 Cavalier
35:34 Paladin
37:06 Ordonnance Companies
38:47 Fletching
38:57 Padded Archer Armor
43:05 Onager
48:55 Light Cavalry
stephane9343
11:55 Feudal Age
18:22 Castle Age
16:17 Horse Collar
16:49 Double-Bit Axe
17:36 Stone Mining
21:55 Gold Mining
32:48 Scale Barding Armor
36:27 Heavy Plow
36:40 Bow Saw
40:35 Imperial Age
37:51 Town Watch
38:42 Wheelbarrow
38:18 Forging
38:13 Husbandry
39:45 Gold Shaft Mining
39:37 Caravan
40:35 Heavy Camel Rider
42:20 Chemistry
42:46 Bloodlines
42:21 Imperial Camel Rider
44:31 Conscription
44:11 Shatagni
45:20 Hand Cart
47:11 Chain Barding Armor
47:27 Iron Casting
49:16 Thumb Ring
56:40 Fletching
56:50 Padded Archer Armor
57:26 Plate Barding Armor
Neuronians
0:43 Loom
14:41 Feudal Age
16:05 Wheelbarrow
15:12 Horse Collar
15:18 Double-Bit Axe
25:54 Castle Age
25:47 Gold Mining
27:04 Bow Saw
26:55 Heavy Plow
27:12 Hand Cart
29:12 Town Watch
34:36 Imperial Age
32:30 Fletching
32:53 Forging
33:10 Scale Barding Armor
33:06 Padded Archer Armor
34:24 Masonry
34:35 Ballistics
36:06 Conscription
36:17 Crop Rotation
36:50 Two-Man Saw
36:07 Caravan
36:20 Husbandry
36:31 Bloodlines
36:45 Elite Leitis
39:43 Chemistry
38:24 Treadmill Crane
40:04 Iron Casting
41:15 Fortified Wall
41:38 Architecture
40:59 Guard Tower
41:29 Bombard Tower
41:31 Chain Barding Armor
42:58 Plate Barding Armor
45:44 Elite Skirmisher
46:47 Leather Archer Armor
46:27 Bodkin Arrow
47:10 Keep
50:48 Tower Shields
51:25 Bracer
55:30 Hoardings
54:58 Town Patrol
56:02 Murder Holes
56:20 Herbal Medicine
ULIVS96
2:30 Loom
2:44 Loom
10:05 Feudal Age
11:08 Double-Bit Axe
11:06 Horse Collar
16:02 Castle Age
17:19 Wheelbarrow
21:26 Fletching
25:17 Padded Archer Armor
25:09 Loom
25:40 Heavy Plow
26:08 Bow Saw
27:10 Leather Archer Armor
27:11 Scale Mail Armor
30:57 Imperial Age
29:22 Bodkin Arrow
31:09 Ballistics
30:59 Thumb Ring
30:24 Elite Skirmisher
31:35 Squires
32:20 Forging
34:07 Chemistry
34:39 Conscription
36:02 Rocketry
36:29 Gold Mining
37:29 Chain Mail Armor
41:16 Elite Chu Ko Nu
44:14 Elite Fire Lancer
52:10 Bracer
52:40 Ring Archer Armor
Connection lost

Rejoining the realm…

Still unreachable

The connection could not be restored.

Session expired

The server has moved on; the page needs a fresh start.